 Dungeon Sprint DCSS version 0.30-a0-1053-gbd8d5ba0ad (webtiles) character file.

Game seed: 14681827451195236498

4300000 PLAYERX the Axe Maniac (level 18, -4/200 HPs)
             Began as a Minotaur Gladiator on Apr 11, 2023.
             Was a High Priest of Makhleb.
             Slain by a destroyer
             ... wielding a +9 heavy great sword
              (10 damage)
             ... in the Dungeon (Sprint VIII: "Arena of Blood").
             The game lasted 00:04:52 (43 turns).

PLAYERX the Axe Maniac (Minotaur Gladiator)           Turns: 43, Time: 00:04:54

Health: -4/200     AC:  6    Str: 26    XL:     18   Next: 56%
Magic:  18/34      EV: 25    Int:  5    God:    Makhleb [*****.]
Gold:   0          SH:  0    Dex: 13    Spells: 22/22 levels left

rFire   . . .      SeeInvis .    a - +โˆž Axe of Woe
rCold   . . .      Faith    .    (shield currently unavailable)
rNeg    . . .      Spirit   .    b - +0 leather armour
rPois   .          Reflect  .    c - +0 hat
rElec   .          Rampage  .    (no cloak)
rCorr   .          NoTele   +    (no gloves)
Will    +....                    (no boots)
Stlth   +++++++++                (no amulet)
HPRegen 0.53/turn                (no ring)
MPRegen 0.24/turn                (no ring)

@: no status effects
A: horns 2, retaliatory headbutt
a: Renounce Religion, Minor Destruction, Lesser Servant of Makhleb, Major
Destruction, Greater Servant of Makhleb


You were in the Dungeon.
You worshipped Makhleb.
Makhleb was extremely pleased with you.
You visited 1 branch

Inventory:

Hand Weapons
 a - the +โˆž Axe of Woe (weapon)
   (You found it in the Dungeon)
Missiles
 d - 3 throwing nets (quivered)
 e - a javelin
Armour
 b - a +0 leather armour (worn)
 c - a +0 hat (worn)
Scrolls
 k - a scroll of blinking
Potions
 f - a potion of curing
 g - a potion of heal wounds
 h - a potion of haste
 i - 2 potions of magic
 j - a potion of berserk rage


   Skills:
 O Level 27 Fighting
 + Level 5.0(6.0) Short Blades
 + Level 5.3(6.4) Long Blades
 O Level 27 Axes
 + Level 5.3(19.0) Maces & Flails
 + Level 5.4(19.0) Polearms
 + Level 5.4(7.4) Staves
 + Level 4.9 Ranged Weapons
 + Level 11.0 Throwing
 O Level 27 Armour
 O Level 27 Dodging
 O Level 27 Stealth
 + Level 5.3 Shields
 + Level 4.8 Unarmed Combat
 + Level 2.9 Spellcasting
 + Level 3.4 Conjurations
 + Level 3.0 Hexes
 + Level 3.3 Summonings
 + Level 3.2 Necromancy
 + Level 3.4 Translocations
 + Level 3.5 Transmutations
 + Level 3.3 Fire Magic
 + Level 3.2 Ice Magic
 + Level 3.3 Air Magic
 + Level 3.6 Earth Magic
 + Level 3.2 Poison Magic
 O Level 27 Invocations
 + Level 4.0 Evocations


You had 22 spell levels left.
You didn't know any spells.
Your spell library was empty.

Dungeon Overview and Level Annotations

Branches:
Dungeon (1/1)

Altars:
Makhleb


Innate Abilities, Weirdness & Mutations

You have a pair of horns on your head.
You reflexively headbutt those who attack you in melee.


Message History

Your base Maces & Flails skill gained 2 levels and is now at level 5!
Your base Polearms skill gained 2 levels and is now at level 5!
Your base Staves skill gained 2 levels and is now at level 5!
Your Ranged Weapons skill increases to level 4!
Your Throwing skill increases to level 11!
Your Shields skill gained 2 levels and is now at level 5!
Your Unarmed Combat skill increases to level 4!
Your Spellcasting skill increases to level 2!
Your Conjurations skill increases to level 3!
Your Hexes skill increases to level 3!
Your Summonings skill increases to level 3!
Your Necromancy skill increases to level 3!
Your Translocations skill increases to level 3!
Your Transmutations skill increases to level 3!
Your Fire Magic skill increases to level 3!
Your Ice Magic skill increases to level 3!
Your Air Magic skill increases to level 3!
Your Earth Magic skill increases to level 3!
Your Poison Magic skill increases to level 3!
Your Evocations skill gained 2 levels and is now at level 4!
You hear a shout! x12
A meat berserker, 3 bags of meat, 2 large bags of meat and a destroyer come into view.
The destroyer is wielding a +9 heavy great sword.
The bag of meat shouts!
You hear a shout! x6
A bag of meat comes into view. It is wielding a +9 war axe. x4
The destroyer casts a spell at you.
The destroyer blinks!
A sculptor of flesh comes into view. It is wielding a +9 great sword.
You hear a shout!
A meat berserker comes into view. It is wielding a +9 battleaxe.
You hear a shout! x3
Things that are here:
a +9 battleaxe; a +30 ring of slaying; a meat berserker corpse A demon appears!
You hear a shout! x3
The destroyer hits you with a +9 heavy great sword!!!!!
Ouch! That really hurt!
* * * LOW HITPOINT WARNING * * *
The destroyer bites you!
You die...

#. ....# #.. ...#
.. .###..
O..###...
......###........
......._ยง........
#..)))# .... .
#_)<)_# .....
....#.))V2#..V...
...o.O)_.@.......
....o.###........
.###.. ...###...
#.. o...# ..
#...oo..#
.....O...


.OoOoz... ..o....... You could see 2 destroyers, a sculptor of flesh, 2 large
bags of meat, 3 meat berserkers, 8 bags of meat and a friendly cacodemon
(summoned).

Vanquished Creatures
  8 ogres (D)
  A two-headed ogre (D)
  17 orcs (D)
26 creatures vanquished.

Notes
Turn   | Place    | Note
-------+----------+-------------------------------------------
     0 | D        | Found the +โˆž Axe of Woe
     0 | D        | PLAYERX the Minotaur Gladiator began the quest for the Orb.
     0 | D        | Reached XP level 1. HP: 18/18 MP: 0/0
     1 | D        | Noticed a bag of meat
     1 | D        | Noticed a bag of meat
     3 | D        | Noticed a meat berserker
     4 | D        | Noticed a bag of meat
     5 | D        | Became a worshipper of Makhleb the Destroyer
     6 | D        | Killed a meat berserker
     6 | D        | Noticed a meat berserker
     6 | D        | Noticed a bag of meat
     7 | D        | Reached skill level 10 in Throwing
     7 | D        | Reached XP level 2. HP: 42/42 MP: 1/1
     7 | D        | Reached XP level 3. HP: 49/49 MP: 2/2
     7 | D        | Reached XP level 4. HP: 57/57 MP: 3/3
     7 | D        | Reached XP level 5. HP: 63/63 MP: 4/4
     7 | D        | Reached XP level 6. HP: 71/71 MP: 5/5
     7 | D        | Reached XP level 7. HP: 78/78 MP: 6/6
     7 | D        | Reached XP level 8. HP: 85/85 MP: 7/7
     7 | D        | Reached XP level 9. HP: 92/92 MP: 8/8
     7 | D        | Reached XP level 10. HP: 100/100 MP: 9/9
     7 | D        | Reached XP level 11. HP: 106/106 MP: 10/10
     7 | D        | Noticed a meat berserker
     8 | D        | Killed a bag of meat
     8 | D        | Reached * piety under Makhleb
     8 | D        | Noticed a bag of meat
     9 | D        | Reached XP level 12. HP: 125/125 MP: 11/11
     9 | D        | Killed a meat berserker
     9 | D        | Killed a bag of meat
    10 | D        | Reached skill level 27 in Axes
    10 | D        | Reached XP level 13. HP: 154/154 MP: 12/12
    10 | D        | Noticed a bag of meat
    11 | D        | Killed a bag of meat
    11 | D        | Reached ** piety under Makhleb
    12 | D        | Reached skill level 27 in Fighting
    12 | D        | Reached XP level 14. HP: 149/168 MP: 12/16
    13 | D        | Killed a meat berserker
    13 | D        | Noticed a bag of meat
    13 | D        | Noticed a bag of meat
    13 | D        | Noticed a bag of meat
    14 | D        | Noticed a bag of meat
    14 | D        | Noticed a bag of meat
    15 | D        | Killed a bag of meat
    16 | D        | Noticed a bag of meat
    16 | D        | Noticed a bag of meat
    17 | D        | Killed a bag of meat
    17 | D        | Reached *** piety under Makhleb
    17 | D        | Noticed a bag of meat
    17 | D        | Noticed a meat berserker
    18 | D        | Reached XP level 15. HP: 123/174 MP: 12/26
    19 | D        | Reached **** piety under Makhleb
    19 | D        | Noticed a meat berserker
    20 | D        | Reached skill level 27 in Dodging
    21 | D        | Noticed a meat berserker
    22 | D        | Killed a meat berserker
    22 | D        | Noticed a large bag of meat
    23 | D        | Reached skill level 27 in Invocations
    23 | D        | Reached skill level 10 in Armour
    23 | D        | Reached XP level 16. HP: 183/183 MP: 13/32
    24 | D        | Killed a meat berserker
    24 | D        | Reached ***** piety under Makhleb
    24 | D        | Killed a large bag of meat
    25 | D        | Reached skill level 15 in Stealth
    26 | D        | Reached XP level 17. HP: 164/191 MP: 14/33
    28 | D        | Killed a meat berserker
    29 | D        | Reached skill level 27 in Armour
    30 | D        | Reached ****** piety under Makhleb
    31 | D        | Reached skill level 27 in Stealth
    31 | D        | Reached XP level 18. HP: 200/200 MP: 15/34
    34 | D        | Noticed a meat berserker
    37 | D        | Killed a meat berserker
    37 | D        | Noticed a meat berserker
    38 | D        | Reached skill level 1 in Spellcasting
    38 | D        | Noticed a destroyer
    40 | D        | Killed a meat berserker
    40 | D        | Noticed a meat berserker
    41 | D        | Reached skill level 5 in Short Blades
    41 | D        | Reached skill level 5 in Long Blades
    41 | D        | Reached skill level 5 in Maces & Flails
    41 | D        | Reached skill level 5 in Polearms
    41 | D        | Reached skill level 5 in Staves
    41 | D        | Reached skill level 5 in Shields
    42 | D        | Noticed a large bag of meat
    42 | D        | Noticed a meat berserker
    42 | D        | Noticed a large bag of meat
    42 | D        | Noticed a destroyer
    42 | D        | Noticed a sculptor of flesh
    42 | D        | Noticed a meat berserker
    43 | D        | HP: 6/200 [destroyer/+9 heavy great sword (184)]
    43 | D        | Slain by a destroyer

Illustrated notes

Levels and vault maps discovered:
D:        meatsprint

Skill      XL: |  1  2  3  4  5  6  7  8  9 10 11 12 13 14 15 16 17 18 |
---------------+-------------------------------------------------------+-----
Fighting       | 12 17 25 27 | 27.0
Axes           | 21 24 27 | 27.0
Throwing       | 10 11 | 11.0
Dodging        | 20 25 27 | 27.0
Invocations    | 4 16 27 | 27.0
Armour         | 10 24 27 | 27.0
Stealth        | 7 19 27 | 27.0
Short Blades   | 5 |  5.0
Long Blades    | 5 |  5.3
Maces & Flails | 5 |  5.3
Polearms       | 5 |  5.4
Staves         | 5 |  5.4
Ranged Weapons | 4 |  4.9
Shields        | 5 |  5.3
Unarmed Combat | 4 |  4.8
Spellcasting   | 2 |  2.9
Conjurations   | 3 |  3.4
Hexes          | 3 |  3.0
Summonings     | 3 |  3.3
Necromancy     | 3 |  3.2
Translocations | 3 |  3.4
Transmutations | 3 |  3.5
Fire Magic     | 3 |  3.3
Ice Magic      | 3 |  3.2
Air Magic      | 3 |  3.3
Earth Magic    | 3 |  3.6
Poison Magic   | 3 |  3.2
Evocations     | 4 |  4.0

Action                     |  1- 3 |  4- 6 |  7- 9 | 10-12 | 13-15 | 16-18 || total
---------------------------+-------+-------+-------+-------+-------+-------++-------
  Melee: Executioner's axe |     1 |       |       |     2 |     7 |     7 ||    17
 Invoke: Minor Destruction |       |       |       |       |     1 |       ||     1
         Major Destruction |       |       |       |       |       |     1 ||     1
         Greater Servant o |       |       |       |       |       |     1 ||     1
  Dodge: Dodged            |       |       |       |       |     2 |     2 ||     4

Table legend: (Time is in decaauts)
 A = Elapsed time spent in this place.
 B = Non-inter-level travel time spent in this place.
 C = Inter-level travel time spent in this place.
 D = Time resting spent in this place.
 E = Time spent auto-exploring this place.
 F = Levels seen in this place.
 G = Mean time per level.
                   A        B        C        D        E       F      G
               +--------+--------+--------+--------+--------+-----+--------+
         Total |     38 |     38 |      0 |      4 |      0 |   1 |   38.0 |
       Dungeon |     38 |     38 |      0 |      4 |      0 |   1 |   38.0 |
               +--------+--------+--------+--------+--------+-----+--------+

Top non-repeatable levels by time:
       D: 38 daAuts
